 Dungeon Crawl Stone Soup version 0.23-a0-451-g1044d4c (webtiles) character file.

13206 ohnoes the Grappler (level 11, -3/109 HPs)
             Began as a Troll Monk on Nov 24, 2018.
             Was an Elder of Cheibriados.
             Blown up by an orc (22 damage)
             ... with a wand of disintegration (9)
             ... on level 11 of the Dungeon.
             The game lasted 00:13:43 (8138 turns).

ohnoes the Grappler (Troll Monk)                    Turns: 8138, Time: 00:13:43

Health: -3/109     AC: -3    Str: 35    XL:     11   Next: 72%
Magic:  14/14      EV: 21    Int: 18    God:    Cheibriados [****..]
Gold:   261        SH:  0    Dex: 21    Spells: 11/15 levels left

rFire    . . .     SeeInvis .     - Unarmed
rCold    . . .     Gourm    +   (no shield)
rNeg     . . .     Faith    .   a - +0 robe
rPois    +         Spirit   .   (helmet restricted)
rElec    .         Reflect  .   K - +2 cloak {rPois}
rCorr    .         Harm     .   (gloves unavailable)
MR       +....                  (boots unavailable)
Stlth    ++........             (no amulet)
HPRegen  0.68/turn              m - +5 ring of evasion
MPRegen  0.14/turn              I - ring of protection from magic

@: mighty, corroded, very slow
A: large, unfitting armour, claws 3, fast metabolism 3, gourmand, regeneration
1, shaggy fur 1, tough skin 2
a: Bend Time, Temporal Distortion, Slouch, Renounce Religion


You were on level 11 of the Dungeon.
You worshipped Cheibriados.
Cheibriados was greatly pleased with you.
You were completely stuffed.

You visited 2 branches of the dungeon, and saw 12 of its levels.
You also visited: Sewer and Ossuary.

You collected 706 gold pieces.
You spent 445 gold pieces at shops.

Inventory:

Armour
 a - a +0 robe (worn)
 K - a +2 cloak of poison resistance (worn)
 L - a +0 troll leather armour
Jewellery
 e - an uncursed ring of wizardry
 m - a +5 ring of evasion (left claw)
 y - an uncursed ring of resist corrosion
 I - a ring of protection from magic (right claw)
Wands
 A - a wand of disintegration (14)
 B - a wand of polymorph (6)
 E - a wand of iceblast (29)
 J - a wand of acid (6)
Scrolls
 c - a scroll of immolation
 d - 2 scrolls of blinking
 h - 6 scrolls of remove curse
 i - 4 scrolls of teleportation
 l - 3 scrolls of identify
 n - 4 scrolls of fear {unknown}
 o - 2 scrolls of random uselessness {unknown}
 q - a scroll of magic mapping
 r - 2 scrolls of amnesia {unknown}
 u - a scroll of torment {unknown}
 z - 2 scrolls of enchant weapon {unknown}
 C - a scroll of holy word {unknown}
 D - 3 scrolls of enchant armour {unknown}
 G - a scroll of vulnerability {unknown}
Potions
 f - 3 potions of brilliance
 g - 2 potions of heal wounds
 j - 3 potions of curing
 k - 4 potions of lignification
 p - 3 potions of might
 s - 2 potions of flight
 t - a potion of mutation {unknown}
 v - a potion of agility {unknown}
 w - a potion of ambrosia {unknown}
 x - a potion of resistance {unknown}
 F - a potion of haste {unknown}
Comestibles
 b - 30 rations
 H - 6 chunks of flesh


   Skills:
 + Level 7.5 Fighting
 + Level 1.7 Armour
 + Level 7.6 Dodging
 - Level 1.0 Stealth
 * Level 12.2 Unarmed Combat
 * Level 2.7 Spellcasting
 * Level 2.7 Transmutations
 * Level 3.1 Earth Magic
 + Level 3.2 Invocations


You had 11 spell levels left.
You knew the following spells:

 Your Spells              Type           Power        Failure   Level  Hunger
a - Petrify               Tmut/Erth      ##......     45%         4    #####..

Your spell library contained the following spells:

 Spells                   Type           Power        Failure   Level  Hunger
 Confusing Touch          Hex            #.....       17%         1    #......
 Magic Dart               Conj           #...         17%         1    #......
 Blink                    Tloc           N/A          26%         2    ##.....
 Call Imp                 Summ           #.......     26%         2    ##.....
 Slow                     Hex            #.......     26%         2    ##.....
 Confuse                  Hex            #.......     45%         3    ###....
 Conjure Flame            Conj/Fire      #.......     45%         3    ###....
 Gell's Gravitas          Tloc           #.........   45%         3    ###....
 Mephitic Cloud           Conj/Pois/Air  #.......     45%         3    ###....
 Yara's Violent Unravell  Hex/Tmut       #.........   95%         5    ######.
 Metabolic Englaciation   Hex/Ice        #.........   99%         5    ######.


Dungeon Overview and Level Annotations

Branches:
Dungeon (11/15)            Temple (1/1) D:4            Lair (0/6) D:10
    Orc: D:9-12

Altars:
Ashenzari
Cheibriados
Dithmenos
Elyvilon
Fedhas
Gozag
Hepliaklqana
Kikubaaqudgha
Makhleb
Nemelex Xobeh
Okawaru
Qazlal
Ru
Sif Muna
Trog
Uskayaw
Vehumet
Wu Jian
Xom
Yredelemnul
Zin
The Shining One

Shops:
D:7 *   D:9 :   D:11 *

Annotations:
D:10 exclusion: oklob plant


Innate Abilities, Weirdness & Mutations

You are too large for most types of armour.
You have claws for hands.
Your metabolism is lightning-fast.
You like to eat raw meat.
Your natural rate of healing is unusually fast.
You are covered in fur. (AC +1)
You have very tough skin. (AC +2)


Message History

The orc warrior hits you with a +0 war axe.
* * * LOW HITPOINT WARNING * * *
You pummel the orc warrior!!
The orc warrior is almost dead.
The orc warrior hits you with a +0 war axe!
* * * LOW HITPOINT WARNING * * *
You hit the orc warrior but do no damage.
The orc warrior is almost dead.
You feel less wooden.
Your +2 cloak of poison resistance unmelds from your body.
Your +0 robe unmelds from your body.
You feel resistant to poison.
You closely miss the orc warrior.
The orc warrior is almost dead.
The orc no longer looks unusually strong.
The orc warrior completely misses you.
You mangle the orc warrior!!
You kill the orc warrior!
Cheibriados thoroughly appreciates the change of pace.
The orc zaps a wand.
You are blasted!
You die...

#...# #..#.......
###...#######..........
.......................
.......................
######..###...###......
#..# #...# #...... #..#
#...# #...... #..#
#...# .. #@)# #....
....o.)o)........
....o.............
...............
.........###.[.
.........# ...
#........# ..
#........#


You could see 3 orcs.

Vanquished Creatures
  A hydra (D:11)
  A two-headed ogre (D:11)
  Urug (D:11)
  A deep elf knight (D:11)
  An unseen horror (D:10)
  A wizard (D:11)
  An orc knight (D:11)
  An ugly thing (D:11)
  Maurice (D:10)
  Joseph (D:11)
  A gargoyle (D:11)
  2 kobold demonologists (D:11)
  A troll (D:11)
  2 hippogriffs
  Sigmund (D:6)
  2 wraiths (Ossuary)
  A human (D:7)
  Eustachio (D:6)
  4 hogs (D:7)
  Menkaure (D:6)
  A water moccasin (D:6)
  2 orc warriors
  4 ice beasts
  3 sky beasts
  A black bear (D:10)
  2 phantoms
  2 centaurs
  9 ogres
  A necrophage (D:10)
  3 big kobolds
  4 bullfrogs
  A wyvern zombie (D:5)
  A wyvern skeleton (D:11)
  4 scorpions
  12 killer bees
  2 wights (Ossuary)
  A howler monkey (D:6)
  2 bullfrog zombies (D:5)
  7 crimson imps
  2 centaur zombies
  2 jellies
  2 orc priests (D:4)
  6 hounds
  Terence (D:2)
  A bullfrog skeleton (D:5)
  2 iguanas
  7 orc wizards
  6 worker ants
  A worker ant zombie (D:2)
  3 gnolls (D:6)
  A river rat (Sewer)
  11 adders
  5 shadow imps
  5 oozes
  4 adder zombies
  2 adder skeletons
  5 worms
  7 dart slugs
  11 leopard geckos
  30 orcs
  4 ball pythons
  A bat skeleton (D:2)
  11 giant cockroaches
  9 hobgoblins
  9 jackals
  21 kobolds
  3 quokkas
  A ball python skeleton (Ossuary)
  6 bats
  8 frilled lizards
  3 giant cockroach zombies
  9 goblins
  A hobgoblin zombie (Ossuary)
  A jackal skeleton (D:2)
  3 kobold zombies (Ossuary)
  A leopard gecko zombie (D:2)
  An orc skeleton (Ossuary)
  2 orc zombies (Ossuary)
  A quokka zombie (D:2)
  13 rats
310 creatures vanquished.

Vanquished Creatures (others)
  An orc (D:11)
  A kobold (D:11)
2 creatures vanquished.

Grand Total: 312 creatures vanquished

Notes
Turn   | Place    | Note
-------+----------+-------------------------------------------
     0 | D:1      | ohnoes the Troll Monk began the quest for the Orb.
     0 | D:1      | Reached XP level 1. HP: 22/22 MP: 0/0
    60 | D:1      | Reached XP level 2. HP: 29/29 MP: 1/1
   242 | D:1      | Reached XP level 3. HP: 24/36 MP: 2/2
   730 | D:2      | Reached skill level 4 in Unarmed Combat
   736 | D:2      | Reached XP level 4. HP: 34/44 MP: 3/3
  1174 | D:2      | Found a glowing golden altar of the Shining One.
  1187 | D:2      | Noticed Terence
  1195 | D:2      | Killed Terence
  1264 | D:2      | Found a glowing silver altar of Zin.
  1265 | D:2      | Found an opulent altar of Gozag.
  1314 | D:3      | Reached XP level 5. HP: 53/53 MP: 4/4
  1502 | D:3      | Found a snail-covered altar of Cheibriados.
  1503 | D:3      | Found a basalt altar of Yredelemnul.
  1873 | D:3      | Reached skill level 5 in Unarmed Combat
  1939 | D:3      | Found a shadowy altar of Dithmenos.
  2144 | D:4      | Noticed an ogre
  2151 | D:4      | Killed an ogre
  2151 | D:4      | Reached XP level 6. HP: 61/61 MP: 5/5
  2239 | D:4      | Found a sand-covered staircase.
  2244 | Ossuary  | Entered an ossuary
  2338 | Ossuary  | Noticed a flying skull
  2338 | Ossuary  | Noticed a wraith
  2344 | Ossuary  | Noticed a flying skull
  2373 | Ossuary  | Noticed a flying skull
  2388 | Ossuary  | Reached skill level 6 in Unarmed Combat
  2388 | Ossuary  | Reached XP level 7. HP: 41/68 MP: 6/6
  2438 | Ossuary  | Noticed a flying skull
  2444 | Ossuary  | Noticed a wraith
  2465 | Ossuary  | Killed a wraith
  2569 | Ossuary  | Noticed a flying skull
  2571 | Ossuary  | Noticed a wraith
  2575 | Ossuary  | Killed a wraith
  2754 | D:4      | Reached skill level 7 in Unarmed Combat
  2859 | D:4      | Found a staircase to the Ecumenical Temple.
  2948 | D:4      | Reached XP level 8. HP: 72/79 MP: 7/7
  2970 | D:4      | Found a bloodstained altar of Trog.
  3034 | D:4      | Found a deep blue altar of Sif Muna.
  3051 | D:5      | Entered Level 5 of the Dungeon
  3261 | D:5      | Found a glowing drain.
  3272 | Sewer    | Entered a sewer
  3581 | D:5      | Reached skill level 5 in Dodging
  3581 | D:5      | Reached skill level 8 in Unarmed Combat
  3601 | D:5      | Reached skill level 5 in Fighting
  4033 | D:5      | Reached skill level 9 in Unarmed Combat
  4033 | D:5      | Reached XP level 9. HP: 88/88 MP: 8/8
  4078 | D:6      | Found an iron altar of Okawaru.
  4298 | D:6      | Noticed Eustachio
  4320 | D:6      | Killed Eustachio
  4338 | D:6      | Noticed Sigmund
  4343 | D:6      | Killed Sigmund
  4481 | D:6      | Noticed Menkaure
  4489 | D:6      | Killed Menkaure
  4560 | D:6      | Reached skill level 10 in Unarmed Combat
  4928 | D:7      | You fall through a shaft!
  5078 | D:7      | Reached XP level 10. HP: 99/100 MP: 9/9
  5121 | D:7      | Found Memutaw's General Store.
  5193 | D:7      | Found a burning altar of Makhleb.
  5500 | D:8      | Reached skill level 11 in Unarmed Combat
  5826 | Temple   | Entered the Ecumenical Temple
  5949 | D:3      | Became a worshipper of Cheibriados the Contemplative
  5949 | D:3      | Reached * piety under Cheibriados
  5949 | D:3      | Reached ** piety under Cheibriados
  6292 | D:9      | Found Oplatzej's Book Shop.
  6485 | D:9      | Reached skill level 1 in Invocations
  6960 | D:10     | Entered Level 10 of the Dungeon
  6975 | D:10     | Found a staircase to the Lair.
  7277 | D:10     | Reached *** piety under Cheibriados
  7284 | D:10     | Reached skill level 1 in Spellcasting
  7302 | D:10     | Killed an unseen horror
  7457 | D:10     | Noticed Maurice
  7467 | D:10     | Killed Maurice
  7478 | D:10     | Found a blossoming altar of Fedhas.
  7478 | D:10     | Noticed an oklob plant
  7680 | D:10     | Learned a level 4 spell: Petrify
  7960 | D:11     | Noticed an eight-headed hydra
  7965 | D:11     | Killed an eight-headed hydra
  7965 | D:11     | Reached skill level 1 in Transmutations
  7965 | D:11     | Reached skill level 1 in Earth Magic
  7965 | D:11     | Reached XP level 11. HP: 109/109 MP: 12/12
  7969 | D:11     | Noticed a cyan ugly thing
  7977 | D:11     | Killed a cyan ugly thing
  8008 | D:11     | Found Ephisig's Assorted Antiques.
  8011 | D:11     | Bought a potion of lignification for 99 gold pieces
  8011 | D:11     | Bought a potion of lignification for 99 gold pieces
  8011 | D:11     | Bought a glowing cloak for 247 gold pieces
  8035 | D:11     | Noticed a two-headed ogre
  8054 | D:11     | Killed a two-headed ogre
  8054 | D:11     | Reached skill level 1 in Armour
  8080 | D:11     | Noticed a wizard
  8081 | D:11     | Noticed a deep elf knight
  8090 | D:11     | Noticed Joseph
  8095 | D:11     | Reached skill level 12 in Unarmed Combat
  8097 | D:11     | Noticed a sun demon
  8097 | D:11     | Noticed Urug
  8101 | D:11     | Killed a deep elf knight
  8104 | D:11     | Killed Joseph
  8110 | D:11     | Noticed an orc knight
  8115 | D:11     | Killed Urug
  8119 | D:11     | Reached **** piety under Cheibriados
  8125 | D:11     | Killed an orc knight
  8127 | D:11     | Killed a wizard
  8138 | D:11     | Blown up by an orc

Vault maps used:
D:1:      lemuel_arrival_river_bridge
D:2:      grunt_temple_overflow_gold_and_silver, first_ration, serial_undead,
          serial_undead_d, serial_undead_f, serial_undead_b, serial_undead_e,
          tso_metal_star, uniq_terence
D:3:      grunt_dithmenos_smoke, nicolae_overflow_hidden_temple,
          minmay_joined_circles
D:4:      old_standard_altar, minmay_temple_entry_overgrown, enter_ossuary_2,
          minivault_14, lemuel_blue_sif_altar
D:5:      gup_sewer_entry_bubbles
D:6:      kennysheep_mini, minmay_misc_feat_cross, serial_park_tiny_pond,
          uniq_sigmund, uniq_eustachio, uniq_menkaure
D:7:      kennysheep_mini_moat, serial_shops, shop, grunt_livestock
D:8:      grunt_decor_cap, solitary_fountain
D:9:      serial_shops, shop
D:10:     lair_entry_dummy, lemuel_oklob_altar, uniq_maurice
D:11:     serial_shops, nicolae_shop_behind_doors, hangedman_decor_peaks_small,
          nicolae_elemental_shop, minmay_misc_feat_pillars, sword_in_stone
Temple:   nicolae_temple_god_jail
Sewer:    sewer_co_15_rooms
Ossuary:  ossuary_due_cavern

Skill      XL: |  1  2  3  4  5  6  7  8  9 10 11 |
---------------+----------------------------------+-----
Unarmed Combat | 4 5 6 7 9 10 11 12 | 12.2
Fighting       | 3 4 5 6 7 |  7.5
Dodging        | 3 4 5 6 7 |  7.6
Invocations    | 2 3 |  3.2
Spellcasting   | 1 2 |  2.7
Transmutations | 1 2 |  2.7
Earth Magic    | 1 3 |  3.1
Armour         | 1 |  1.7
Stealth        | |  1.0

Action                   |  1- 3 |  4- 6 |  7- 9 | 10-12 || total
-------------------------+-------+-------+-------+-------++-------
Melee: Unarmed           |    91 |   233 |   358 |   210 ||   892
       Punch             |     2 |     5 |    19 |    14 ||    40
  Use: Potion            |       |       |     1 |     8 ||     9
       Scroll            |       |       |     6 |     6 ||    12
 Stab: Sleeping          |       |     7 |     4 |     6 ||    17
       Distracted        |       |       |     1 |     1 ||     2
  Eat: Chunk             |    12 |    16 |    25 |    21 ||    74
Armor: Robe              |    26 |    57 |    43 |    18 ||   144
       Skin              |       |       |     7 |    83 ||    90
Dodge: Dodged            |    32 |   178 |   265 |   141 ||   616

Table legend:
 A = Non-vault XP
 B = Vault XP
 C = Vault XP percentage of total XP
 D = Non-vault monster count
 E = Vault monster count
 F = Vault count percentage of total count
                 A         B        C        D         E       F
            +---------+---------+-------+---------+---------+-------
      Total |   12541 |    6325 |  33.5 |     243 |      67 |  21.6
            +---------+---------+-------+---------+---------+-------
        D:1 |      71 |       0 |   0.0 |      35 |       0 |   0.0
        D:2 |      60 |      61 |  50.4 |      22 |       8 |  26.7
        D:3 |      83 |      44 |  34.6 |      29 |      12 |  29.3
        D:4 |     646 |       0 |   0.0 |      24 |       0 |   0.0
        D:5 |    1194 |      31 |   2.5 |      18 |       7 |  28.0
        D:6 |    1283 |     600 |  31.9 |      33 |       3 |   8.3
        D:7 |     714 |     977 |  57.8 |      16 |       5 |  23.8
        D:8 |     540 |       0 |   0.0 |       8 |       0 |   0.0
        D:9 |    1001 |       0 |   0.0 |      23 |       0 |   0.0
       D:10 |    1655 |     472 |  22.2 |      17 |       1 |   5.6
       D:11 |    5294 |    3432 |  39.3 |      18 |       5 |  21.7
      Sewer |       0 |     160 | 100.0 |       0 |      13 | 100.0
    Ossuary |       0 |     548 | 100.0 |       0 |      13 | 100.0
            +---------+---------+-------+---------+---------+-------
